 Dungeon Crawl Stone Soup version 0.22.1-1-ga44c0e5 (webtiles) character file.

420 HoaS the Ruffian (level 6, -1/51 HPs)
             Began as a Draconian Transmuter on Oct 21, 2018.
             Was an Initiate of Wu Jian.
             Slain by a scorpion (2 damage)
             ... on level 5 of the Dungeon on Oct 23, 2018.
             The game lasted 00:18:46 (4922 turns).

HoaS the Ruffian (Draconian Transmuter)             Turns: 4922, Time: 00:18:47

Health: -1/51      AC:  6    Str: 13    XL:     6   Next: 62%
Magic:  10/10      EV: 13    Int: 14    God:    Wu Jian [......]
Gold:   140        SH:  0    Dex: 12    Spells: 1/11 levels left

rFire    . . .     SeeInvis .     - Unarmed
rCold    . . .     Gourm    +   (no shield)
rNeg     . . .     Faith    .   (armour unavailable)
rPois    .         Spirit   .   (helmet restricted)
rElec    .         Reflect  .   i - scarf {repulsion}
rCorr    .         Harm     .   (no gloves)
MR       .....                  (no boots)
Stlth    +.........             f - amulet of the gourmand
HPRegen  0.17/turn              (no ring)
MPRegen  0.12/turn              (no ring)

@: lethally poisoned (-1 -> -14), repel missiles
A: unfitting armour, cold-blooded, AC +6
a: Renounce Religion


You were on level 5 of the Dungeon.
You worshipped Wu Jian.
Wu Jian was noncommittal.
You were completely stuffed.

You visited 1 branch of the dungeon, and saw 5 of its levels.

You collected 140 gold pieces.

Inventory:

Missiles
 a - 47 arrows
Armour
 i - a scarf of repulsion (worn)
Jewellery
 f - an amulet of the gourmand (around neck)
Wands
 n - a wand of flame (24)
 t - a wand of disintegration (16)
Scrolls
 h - a scroll of fog
 k - a scroll of identify
Potions
 b - 2 potions of ambrosia
 d - 3 potions of might
 e - a potion of mutation {unknown}
 g - a potion of degeneration {unknown}
 j - 2 potions of resistance
 m - 2 potions of curing {unknown}
 o - a potion of heal wounds {unknown}
 p - a potion of agility {unknown}
 r - a potion of lignification {unknown}
Comestibles
 c - 8 rations
 l - a chunk of flesh


   Skills:
 * Level 3.3 Fighting
 * Level 3.2 Dodging
 * Level 4.2 Unarmed Combat
 * Level 3.3 Spellcasting
 * Level 3.5 Transmutations
 + Level 0.5 Ice Magic
 + Level 0.5 Poison Magic


You had one spell level left.
You knew the following spells:

 Your Spells              Type           Power        Failure   Level  Hunger
a - Beastly Appendage     Tmut           ##....       4%          1    #......
b - Spider Form           Tmut/Pois      #.........   26%         3    ###....
c - Sticks to Snakes      Tmut           ##......     8%          2    ##.....
d - Ice Form              Ice/Tmut       #.......     65%         4    #####..

Your spell library contained the following spells:

 Spells                   Type           Power        Failure   Level  Hunger
 Blade Hands              Tmut           ##........   80%         5    ######.


Dungeon Overview and Level Annotations

Branches:
Dungeon (5/15)
 Temple: D:4-7

Altars:
Fedhas
Qazlal
Wu Jian


Innate Abilities, Weirdness & Mutations

Your plain brown scales are hard. (AC +6)
You cannot fit into any form of body armour.
You are cold-blooded and may be slowed by cold attacks.


Message History

The scorpion is heavily wounded.
You feel sick. The scorpion stings you.
You closely miss the scorpion.
You tail-slap the scorpion, but do no damage.
The scorpion is heavily wounded.
You feel sick. The scorpion misses you.
You hit the scorpion.
The scorpion is heavily wounded.
You feel sick. The scorpion stings you!
* * * LOW HITPOINT WARNING * * *
You hit the scorpion.
The scorpion is almost dead.
* * * LOW HITPOINT WARNING * * *
You feel sick. The scorpion stings you.
* * * LOW HITPOINT WARNING * * *
You barely miss the scorpion.
Your tail-slap misses the scorpion.
The scorpion is almost dead.
* * * LOW HITPOINT WARNING * * *
You feel sick. The scorpion stings you.
You die...

....# ....#
....# ....# .
...##..
..#...#
##s.....#
##@.#
#####..##
#......###
#.........###
##.......)..##
#........<..#
...#.........#
#............#
#.........(..#


You could see a scorpion.

Vanquished Creatures
  An ogre (D:4)
  A bullfrog (D:3)
  A hound (D:4)
  A centaur skeleton (D:4)
  A bullfrog skeleton (D:4)
  Terence (D:3)
  A worker ant (D:4)
  6 adders
  2 oozes
  2 worms
  A dart slug (D:2)
  2 leopard geckos
  3 orcs
  10 bats
  6 giant cockroaches
  6 goblins
  6 hobgoblins
  2 jackals (D:3)
  A quokka (D:2)
  A ball python (D:3)
  9 frilled lizards
  9 kobolds
  A leopard gecko skeleton (D:4)
  13 rats
87 creatures vanquished.

Notes
Turn   | Place    | Note
-------+----------+-------------------------------------------
     0 | D:1      | HoaS the Draconian Transmuter began the quest for the Orb.
     0 | D:1      | Reached XP level 1. HP: 16/16 MP: 3/3
   302 | D:1      | Reached XP level 2. HP: 5/23 MP: 5/5
  1160 | D:2      | Reached XP level 3. HP: 29/29 MP: 4/6
  1238 | D:2      | Found an ornate altar of the Wu Jian Council.
  1764 | D:2      | Reached XP level 4. HP: 18/36 MP: 5/7
  2161 | D:3      | Noticed Terence
  2184 | D:3      | Killed Terence
  2584 | D:3      | Learned a level 3 spell: Spider Form
  2587 | D:3      | Learned a level 2 spell: Sticks to Snakes
  2672 | D:3      | Reached XP level 5. HP: 28/42 MP: 9/9
  2806 | D:3      | Found a stormy altar of Qazlal.
  2850 | D:3      | Found a blossoming altar of Fedhas.
  3446 | D:4      | Learned a level 4 spell: Ice Form
  3447 | D:4      | Reached skill level 4 in Unarmed Combat
  3777 | D:4      | Reached XP level 6. HP: 15/51 MP: 10/10
  4752 | D:5      | Entered Level 5 of the Dungeon
  4839 | D:2      | Became a worshipper of the Wu Jian Council
  4922 | D:5      | HP: 1/51 [poisoned by a scorpion]
  4922 | D:5      | Slain by a scorpion

Skill      XL: |  1  2  3  4  5 |
---------------+----------------+-----
Dodging        | 2 3 |  3.2
Fighting       | 2 3 |  3.3
Transmutations | 3 |  3.5
Spellcasting   | 3 |  3.3
Unarmed Combat | 4 |  4.2
Ice Magic      | |  0.5
Poison Magic   | |  0.5

Action                   |  1- 3 |  4- 6 || total
-------------------------+-------+-------++-------
Melee: Unarmed           |   161 |   233 ||   394
       Tailslap          |    17 |    26 ||    43
       Kick              |     1 |     6 ||     7
       Headbutt          |     2 |     4 ||     6
       Punch             |     1 |     5 ||     6
 Cast: Beastly Appendage |     3 |     6 ||     9
  Use: Scroll            |     3 |     5 ||     8
 Stab: Sleeping          |     2 |     1 ||     3
  Eat: Chunk             |     3 |    25 ||    28
Armor: Skin              |    53 |    50 ||   103
Dodge: Dodged            |    97 |   141 ||   238
       Deflected         |     1 |     1 ||     2
